Map: Prion Terraces

Players

LiquidSnute (Snute)

  • Race: Zerg Zerg
  • League: Grandmaster

Serral - Winner!

  • Race: Zerg Zerg
  • League: Grandmaster

Event: 2016 WCS Winter Challenger Europe

VOD

Have the link to the VOD?

Description

Time

  • Played on: Feb. 13, 2016, 11:40 a.m.
  • Length: 8:46

All games in this series

Show
View Real Time Build Order
Export as new Build Order

LiquidSnute Zerg 

Build Orders: Pool First 

Get SALT Encoding   

  12  0:00  Drone  
  13  0:13  Overlord  
  13  0:17  Drone  
  14  0:31  Drone x2  
  14  0:35  Drone  
  17  0:43  Spawning Pool  
  17  0:47  Drone  
  17  0:56  Drone  
  18  1:10  Hatchery  
  17  1:13  Drone  
  17  1:18  Extractor  
  17  1:19  Drone  
  18  1:30  Queen  
  18  1:31  Zergling x2  
  21  1:39  Overlord  
  21  1:50  Drone  
  22  2:01  Drone  
  23  2:05  Queen  
  25  2:11  Drone  
  26  2:21  Metabolic Boost  
  26  2:26  Drone x2  
  28  2:31  Queen  
  28  2:32  Drone  
  28  2:34  Drone  
  32  2:40  Baneling Nest  
  31  2:45  Drone  
  31  2:46  Overlord  
  31  2:48  Drone  
  31  2:50  Drone  
  34  2:53  Zergling x2  
  34  2:54  Zergling x2  
  36  3:04  Zergling x2  
  36  3:08  Zergling x2  
  37  3:14  Queen x2  
  37  3:18  Zergling x6  
  44  3:23  Overlord  
  44  3:24  Baneling  
  44  3:25  Baneling x2  
  44  3:31  Overlord  
  44  3:34  Extractor  
  44  3:38  Overlord  
  43  3:46  Baneling  
  42  3:53  Drone x7  
  48  3:58  Queen  
  48  3:59  Extractor  
  49  4:04  Drone  
  50  4:18  Zergling x4  
  50  4:19  Zergling x2  
  50  4:21  Hatchery  
  52  4:28  Drone x3  
  52  4:29  Roach Warren  
  51  4:32  Zergling x6  
  51  4:33  Zergling x2  
  55  4:38  Overlord  
  55  4:52  Zergling x4  
  55  5:10  Roach x5  
  55  5:11  Roach x2  
  69  5:17  Roach  
  69  5:19  Roach  
  71  5:24  Roach x2  
  75  5:30  Overlord x2  
  74  5:37  Overlord  
  74  5:41  Overlord x2  
  76  5:50  Roach  
  76  5:51  Ravager x2  
  76  5:52  Ravager x4  
  81  5:58  Roach x4  
  88  6:09  Roach x4  
  96  6:18  Zergling x2  
  96  6:19  Zergling x14  
  96  6:23  Evolution Chamber  
  100  6:29  Roach x3  
  106  6:38  Roach x4  
  114  6:57  Overlord  
  102  7:11  Roach x7  
  112  7:20  Roach x7  
  122  7:29  Overlord x3  
  120  7:37  Overlord  
  120  7:39  Roach  
  120  7:50  Roach x4  
  114  7:54  Roach x2  
  94  8:03  Ravager  
  95  8:06  Roach  
  95  8:07  Roach  
  95  8:08  Roach  
  101  8:16  Extractor  
  101  8:17  Roach x2  
  101  8:18  Roach  
Show
View Real Time Build Order
Export as new Build Order

Serral Zerg - Winner!

Build Orders: Pool First 

Get SALT Encoding   

  12  0:01  Drone  
  13  0:12  Overlord  
  13  0:17  Drone  
  14  0:30  Drone  
  14  0:31  Drone  
  14  0:35  Drone  
  17  0:38  Extractor  
  16  0:45  Drone  
  17  0:50  Spawning Pool  
  17  0:55  Drone  
  17  1:06  Drone  
  18  1:17  Drone  
  19  1:24  Hatchery  
  18  1:36  Queen  
  20  1:41  Metabolic Boost  
  20  1:45  Drone  
  21  1:51  Overlord  
  21  1:58  Baneling Nest  
  20  2:02  Zergling x2  
  20  2:05  Zergling x2  
  22  2:11  Zergling x2  
  24  2:22  Zergling x2  
  24  2:33  Queen  
  24  2:35  Drone  
  24  2:36  Overlord  
  27  2:43  Drone  
  28  2:45  Drone x2  
  28  2:49  Drone  
  31  2:51  Drone  
  31  2:56  Evolution Chamber  
  31  3:04  Drone x2  
  33  3:09  Overlord  
  33  3:13  Zergling x2  
  33  3:18  Zergling x4  
  33  3:19  Zergling x4  
  38  3:24  Baneling x2  
  38  3:26  Zerg Missile Weapons Level 1  
  38  3:27  Drone  
  38  3:30  Drone  
  38  3:33  Drone  
  40  3:36  Extractor  
  39  3:44  Drone x3  
  39  3:48  Overlord  
  42  3:51  Drone x2  
  42  3:55  Zergling x2  
  44  3:58  Overlord  
  44  4:00  Baneling  
  42  4:04  Drone  
  42  4:05  Drone  
  42  4:08  Extractor  
  42  4:09  Roach Warren  
  42  4:11  Drone x2  
  44  4:17  Baneling x2  
  44  4:19  Drone  
  44  4:23  Overlord  
  45  4:26  Drone x2  
  47  4:36  Hatchery, Zergling x6  
  49  4:40  Overlord  
  49  4:43  Zergling x2  
  49  4:44  Zergling x2  
  51  4:46  Baneling  
  51  4:58  Drone x5  
  55  5:06  Overlord  
  55  5:07  Drone x3  
  55  5:12  Overlord  
  58  5:18  Overlord  
  58  5:19  Extractor  
  56  5:22  Baneling  
  56  5:23  Baneling, Roach x2  
  56  5:28  Lair  
  58  5:30  Roach x3  
  64  5:46  Roach x2  
  64  5:47  Roach  
  70  5:50  Queen  
  70  5:51  Overlord  
  70  5:55  Drone x2  
  70  5:56  Drone x3  
  77  6:01  Overlord  
  77  6:03  Drone x2  
  78  6:07  Overlord  
  78  6:09  Overlord x2  
  76  6:13  Roach  
  76  6:15  Ravager x5  
  76  6:17  Roach  
  83  6:20  Roach x2  
  83  6:22  Roach  
  87  6:31  Roach x4  
  95  6:35  Spine Crawler  
  95  6:39  Glial Reconstitution  
  94  6:43  Roach x2  
  94  6:46  Roach x2  
  102  6:54  Roach x4  
  109  6:59  Queen  
  107  7:06  Roach x4  
  108  7:11  Roach x2  
  104  7:18  Roach x3  
  104  7:24  Roach x4  
  104  7:27  Overlord  
  104  7:28  Zergling x2, Roach  
  115  7:34  Roach  
  119  7:42  Queen  
  119  7:45  Roach x2  
  119  7:46  Roach  
  119  7:51  Roach x2  
  119  7:58  Roach x4  
  120  7:59  Roach x2  
  120  8:03  Extractor  
  125  8:06  Ravager x2  
  125  8:07  Roach  
  125  8:08  Roach  
  131  8:14  Roach x2  
  131  8:18  Baneling x2  
  131  8:19  Zergling x2  
  137  8:20  Zergling x4  
  137  8:25  Overlord  
Tags
 
Add a new tag
Caveats
  • Supply blocks, unpowered buildings, or Contaminate may cause inaccurate times.
  • Supply counts are checked every 10 seconds.